 Dungeon Crawl Stone Soup version 0.29-a0-233-g1125b37a9b (webtiles) character file.

Game seed: 11804486607107039177

56 lunkers the Covert (level 3, -5/28 HPs)
             Began as a Vampire Delver on Mar 1, 2022.
             Slain by a wight
             ... wielding a +1 halberd
              (17 damage)
             ... on level 5 of the Dungeon.
             The game lasted 00:00:53 (194 turns).

lunkers the Covert (Vampire Delver)                  Turns: 194, Time: 00:00:53

Health: -5/28      AC:  4    Str: 11    XL:     3   Next: 69%
Magic:  3/3        EV: 12    Int: 12    God:
Gold:   14         SH:  0    Dex: 17    Spells: 2/2 levels left

rFire   . . .      SeeInvis +   h - +0 rapier
rCold   . . .      Faith    .   (no shield)
rNeg    . . .      Spirit   .   b - +1 leather armour
rPois   .          Reflect  .   (no helmet)
rElec   .          Harm     .   (no cloak)
rCorr   .          Rampage  .   (no gloves)
Will    .....                   (no boots)
Stlth   ++++......              (no amulet)
HPRegen 0.29/turn               (no ring)
MPRegen 0.08/turn               (no ring)

@: healing quickly
A: alive, fangs 3, see invisible, vampiric 2
a: Exsanguinate


You were on level 5 of the Dungeon.
You visited 1 branch of the dungeon, and saw 1 of its levels.

You collected 14 gold pieces.

Inventory:

Hand Weapons
 a - a +0 short sword
 h - a +0 rapier (weapon)
Armour
 b - a +1 leather armour (worn)
Wands
 g - a wand of digging (3)
Scrolls
 c - a scroll of fog
 d - a scroll of magic mapping
 e - a scroll of fear
 i - a scroll of identify {unknown}
Potions
 f - a potion of haste


   Skills:
 - Level 2.6 Fighting
 * Level 3.9 Short Blades
 - Level 2.1 Dodging
 + Level 8.0 Stealth


You had 2 spell levels left.
You didn't know any spells.
Your spell library was empty.

Dungeon Overview and Level Annotations

Branches:
Dungeon (5/15)
 Temple: D:4-7

Altars:


Innate Abilities, Weirdness & Mutations

Your natural rate of healing is accelerated.
You have razor-sharp teeth.
You have supernaturally acute eyesight. (SInv)
You are afflicted with vampirism and can become a bat while bloodless.


Message History

The necrophage is heavily damaged.
The necrophage closely misses you.
You puncture the necrophage!
The necrophage is severely damaged.
The necrophage hits you.
You closely miss the necrophage.
The necrophage is severely damaged.
The necrophage hits you.
* * * LOW HITPOINT WARNING * * *
The necrophage hits you but does no damage.
You hit the necrophage.
The necrophage is severely damaged.
The necrophage closely misses you.
Unknown command.
You hit the necrophage. You bite the necrophage.
You destroy the necrophage!
Your life force feels restored.
Your Short Blades skill increases to level 3!
Your Stealth skill increases to level 8!
You have reached level 2!
You have reached level 3!
Your experience leads to an increase in your attributes!
Increase (S)trength, (I)ntelligence, or (D)exterity?
You feel agile. x2
You can now turn into a vampire bat when bloodless.
HP restored.
You now have 14 gold pieces.
A water moccasin comes into view.
Found a scroll labelled WUNOORPHA VUABI.
A wight comes into view. It is wielding a +1 halberd.
You see here a scroll labelled WUNOORPHA VUABI.
i - a scroll labelled WUNOORPHA VUABI
Found 11 gold pieces.
Found 18 gold pieces.
The wight hits you from afar with a +1 halberd!
Ouch! That really hurt!
* * * LOW HITPOINT WARNING * * *
The wight hits you with a +1 halberd!
Ouch! That really hurt!
You die...

#...#......... .......
#..###....##. .......
#.####..#######.......
......................
...................#..
..#############...##
.. .....#..##
.....#.z# ###..#.@#
#8#..#..# ....$#..#
....Z#©.# .....#..#
#8#..#... # #..#...
....#.... .... #..#.


You could see a wight and a centaur skeleton.

Vanquished Creatures
  A necrophage (D:5)
1 creature vanquished.

Notes
Turn   | Place    | Note
-------+----------+-------------------------------------------
     0 | D:5      | lunkers the Vampire Delver began the quest for the Orb.
     0 | D:5      | Reached XP level 1. HP: 17/17 MP: 1/1
     6 | D:5      | Noticed a scorpion
    39 | D:5      | Noticed a necrophage
   114 | D:5      | Killed a necrophage
   115 | D:5      | Reached skill level 8 in Stealth
   115 | D:5      | Reached XP level 2. HP: 13/23 MP: 2/2
   115 | D:5      | Gained mutation: You are afflicted with vampirism and can
                  | become a bat while bloodless. [Vampire growth]
   115 | D:5      | Reached XP level 3. HP: 16/28 MP: 3/3
   163 | D:5      | Noticed a water moccasin
   183 | D:5      | Noticed a wight
   194 | D:5      | Slain by a wight

Illustrated notes

Levels and vault maps discovered:
D:5:      layout_layer_cave, lemuel_doored_altar, gammafunk_ghost_mausoleum,
          serial_undead, serial_undead_c, serial_undead_e, serial_undead_d,
          serial_undead_a, serial_shops, shop, nicolae_shop_advertising_works
          [nicolae_subvault_shop_adworks], nicolae_square_shop, uniq_pikel,
          uniq_menkaure

Skill      XL: |  1 |
---------------+----+-----
Short Blades   | 3 |  3.9
Stealth        | 8 |  8.0
Fighting       | |  2.6
Dodging        | |  2.1

Action                   || total
-------------------------++-------
Melee: Rapier            ||    11
       Bite              ||     2
  Use: Scroll            ||     1
Armor: Leather armour    ||     2
Dodge: Dodged            ||     8

Table legend: (Time is in decaauts)
 A = Elapsed time spent in this place.
 B = Non-inter-level travel time spent in this place.
 C = Inter-level travel time spent in this place.
 D = Time resting spent in this place.
 E = Time spent auto-exploring this place.
 F = Levels seen in this place.
 G = Mean time per level.
                   A        B        C        D        E       F      G
               +--------+--------+--------+--------+--------+-----+--------+
         Total |    194 |    194 |      0 |      0 |     48 |   1 |  194.0 |
       Dungeon |    194 |    194 |      0 |      0 |     48 |   1 |  194.0 |
               +--------+--------+--------+--------+--------+-----+--------+

Top non-repeatable levels by time:
     D:5: 194 daAuts
